 Dungeon Crawl Stone Soup version 0.27.0-1-g7a089689b8 (webtiles) character file.

Game seed: 25128792282194386

11 ZARRMARR the Firebug (level 2, 0/20 HPs)
             Began as a Draconian Fire Elementalist on Aug 3, 2021.
             Slain by a jackal (1 damage)
             ... on level 1 of the Dungeon.
             The game lasted 00:01:28 (125 turns).

ZARRMARR the Firebug (Draconian Fire Elementalist)   Turns: 125, Time: 00:01:29

Health: 0/20       AC:  4    Str: 10    XL:     2   Next: 17%
Magic:  1/5        EV: 12    Int: 15    God:
Gold:   38         SH:  0    Dex: 11    Spells: 4/5 levels left

rFire    . . .     SeeInvis .   c - +0 hand axe
rCold    . . .     Faith    .   (no shield)
rNeg     . . .     Spirit   .   (armour unavailable)
rPois    .         Reflect  .   (helmet restricted)
rElec    .         Harm     .   (no cloak)
rCorr    .         Rampage  .   (no gloves)
Will     .....                  (no boots)
Stlth    ++........             (no amulet)
HPRegen  0.06/turn              (no ring)
MPRegen  0.09/turn              (no ring)

@: no status effects
A: AC +4, unfitting armour, cold-blooded
a: no special abilities


You were on level 1 of the Dungeon.
You visited 1 branch of the dungeon, and saw 1 of its levels.

You collected 38 gold pieces.

Inventory:

Hand Weapons
 c - a +0 hand axe (weapon)
Missiles
 f - 13 stones (quivered)
Scrolls
 e - a scroll of identify {unknown}
Potions
 a - a potion of brilliance {unknown}
 b - a potion of berserk rage {unknown}
 d - a potion of invisibility {unknown}


   Skills:
 + Level 1.9 Dodging
 + Level 1.9 Stealth
 + Level 2.0 Spellcasting
 + Level 1.0 Conjurations
 + Level 3.5 Fire Magic


You had 4 spell levels left.
You knew the following spells:

 Your Spells              Type           Power      Damage    Failure   Level
a - Foxfire               Conj/Fire      32%        2x1d5     9%          1

Your spell library contained the following spells:

 Spells                   Type           Power      Damage    Failure   Level
 Conjure Flame            Conj/Fire      8%         6-21      26%         3
 Inner Flame              Hex/Fire       6%         N/A       32%         3
 Sticky Flame             Conj/Fire      8%         2d3       65%         4
 Fireball                 Conj/Fire      4%         3d4       94%         5


Dungeon Overview and Level Annotations

Branches:
Dungeon (1/15)

Altars:


Innate Abilities, Weirdness & Mutations

Your plain brown scales are hard. (AC +4)
You cannot fit into any form of body armour.
You are cold-blooded and may be slowed by cold attacks.


Message History

You hit the jackal. You closely miss the jackal. The jackal closely misses you.
The jackal misses you. The jackal barely misses you.
The jackal bites you but does no damage. x2
Casting: Foxfire (safe; 9% risk of failure)
Confirm with . or Enter, or press ? or * to list all spells.
You don't have enough magic to cast this spell.
You closely miss the jackal.
The jackal is heavily wounded.
You hit the jackal but do no damage. You hit the jackal.
The jackal barely misses you. The jackal bites you. x2
The jackal barely misses you. x2
The jackal bites you but does no damage.
Your magical contamination has completely faded away.
You closely miss the jackal.
The jackal is heavily wounded.
You hit the jackal. You barely miss the jackal. The jackal bites you.
* * * LOW HITPOINT WARNING * * *
The jackal misses you.
The jackal bites you but does no damage.
The jackal bites you.
* * * LOW HITPOINT WARNING * * *
The jackal bites you.
* * * LOW HITPOINT WARNING * * *
You hit the jackal.
You kill the jackal!
You miss the jackal. You closely miss the jackal.
The jackal bites you but does no damage.
The jackal closely misses you.
The jackal bites you but does no damage.
The jackal bites you.
* * * LOW HITPOINT WARNING * * *
You hit the jackal but do no damage.
Your tail-slap misses the jackal.
The jackal is heavily wounded.
You barely miss the jackal. The jackal bites you.
* * * LOW HITPOINT WARNING * * *
The jackal bites you but does no damage.
The jackal barely misses you. The jackal closely misses you.
Unknown command.
The jackal bites you.
You die...

##.......## ##.
#..###.........###..
#.....[.............
#...................
#................... .
#.........<......... ...
#...................
...(##...................
....(..h@................
....#.†h###.........###..
. #..## ##.......## ##.
##. #.......# #. #.
##.......# #. #.
#.........# #..
....................
....###########.†### ###
#.....


You could see 2 jackals.

Vanquished Creatures
  A dart slug (D:1)
  An endoplasm (D:1)
  5 jackals (D:1)
  A rat (D:1)
8 creatures vanquished.

Vanquished Creatures (others)
  13 foxfires (D:1)
13 creatures vanquished.

Grand Total: 21 creatures vanquished

Notes
Turn   | Place    | Note
-------+----------+-------------------------------------------
     0 | D:1      | ZARRMARR the Draconian Fire Elementalist began the quest
                  | for the Orb.
     0 | D:1      | Reached XP level 1. HP: 14/14 MP: 3/3
   120 | D:1      | Reached XP level 2. HP: 11/20 MP: 0/5
   124 | D:1      | HP: 1/20 [jackal (1)]
   125 | D:1      | Slain by a jackal

Illustrated notes

Levels and vault maps discovered:
D:1:      minmay_arrival_four_circles, layout_basic, solitary_fountain,
          minmay_unequal

Action                   || total
-------------------------++-------
Melee: Hand axe          ||    12
       Tailslap          ||     1
Throw: Stone             ||     2
 Cast: Foxfire           ||     7
Armor: Skin              ||    15
Dodge: Dodged            ||    31
